 Dungeon Crawl Stone Soup version 0.30-a0-702-gdf48620a09 (webtiles) character file.

Game seed: 17251937888737594065

86 Tocho the Conjurer (level 4, -2/26 (30) HPs)
             Began as a Human Conjurer on Jan 22, 2023.
             Killed from afar by an orc wizard (9 damage)
             ... with a magic dart
             ... on level 4 of the Dungeon.
             The game lasted 00:07:52 (2869 turns).

Tocho the Conjurer (Human Conjurer)                 Turns: 2869, Time: 00:07:53

HP:   -2/26 (30)    AC:  4    Str:  8    XL:     4   Next: 77%
MP:   1/7           EV: 12    Int: 20    God:
Gold: 172           SH:  0    Dex: 11    Spells: 2/8 levels left

rFire   . . .      SeeInvis .    o - +0 battleaxe
rCold   . . .      Faith    .    (shield currently unavailable)
rNeg    . . .      Spirit   .    a - +1 robe
rPois   .          Reflect  .    l - +0 helmet
rElec   .          Harm     .    (no cloak)
rCorr   .          Rampage  .    (no gloves)
Will    .....                    (no boots)
Stlth   ++                       (no amulet)
HPRegen 0.24/turn                (no ring)
MPRegen 0.10/turn                (no ring)

@: heavily drained
A: no striking features
a: no special abilities


You were on level 4 of the Dungeon.
You visited 1 branch of the dungeon, and saw 4 of its levels.

You collected 172 gold pieces.

Inventory:

Hand Weapons
 f - a +0 dagger
 o - a +0 battleaxe (weapon)
Missiles
 e - 5 poisoned darts
 g - 36 stones
Armour
 a - a +1 robe (worn)
 l - a +0 helmet (worn)
Scrolls
 k - 3 scrolls of identify
 m - a scroll of enchant armour
Potions
 b - a potion of magic
 c - 2 potions of heal wounds {unknown}
 d - a potion of mutation {unknown}
 h - 6 potions of curing
 i - a potion of flight {unknown}
 j - a potion of haste {unknown}
 n - a potion of resistance {unknown}


   Skills:
 + Level 2.0 Dodging
 + Level 2.3 Stealth
 * Level 2.6 Spellcasting
 + Level 5.2 Conjurations


You had 2 spell levels left.
You knew the following spells:

 Your Spells              Type           Power      Damage    Failure   Level
a - Magic Dart            Conj           92%        1d7       1%          1
b - Searing Ray           Conj           46%        2d6       2%          2
c - Dazzling Flash        Conj/Hex       26%        N/A       16%         3

Your spell library contained the following spells:

 Spells                   Type           Power      Damage    Failure   Level
 Iskenderun's Battlesphe  Conj           23%        2d8       43%         5
 Fulminant Prism          Conj/Hex       6%         3d7       45%         4
 Iskenderun's Mystic Bla  Conj/Tloc      13%        2d5       45%         4
 Borgnjor's Vile Clutch   Necr/Erth      1%         N/A       99%         5
 Iron Shot                Conj/Erth      6%         9d2       100%        6
 Dragon Form              Tmut           1%         N/A       100%        7
 Spellforged Servitor     Conj/Summ      6%         N/A       100%        7
 Necromutation            Tmut/Necr      1%         N/A       100%        8


Dungeon Overview and Level Annotations

Branches:
Dungeon (4/15)
 Temple: D:4-7

Altars:
Gozag
Yredelemnul

Annotations:
D:4 2 runed translucent doors


Message History

Casting: Magic Dart (safe; 1% risk of failure)
Confirm with . or Enter, or press ? or * to list all spells.
Aiming: Magic Dart (safe; 1% risk of failure)
Press: ? - help, Shift-Dir - straight line, f/p - orc wizard
Aim: an orc wizard, wielding a +0 dagger and wearing a +0 robe (lightly wounded, 100% to hit)
The magic dart hits the orc wizard.
The orc wizard is heavily wounded.
An orc wizard comes into view. It is wielding a +0 dagger.
Aiming: Searing Ray (safe; 2% risk of failure)
Press: ? - help, Q - select action, (/) - cycle Shift-Dir - straight line, f/p - orc wizard
Aim: an orc wizard, wielding a +0 dagger and wearing a +0 robe (heavily wounded, 72% to hit)
The searing ray hits the orc wizard!
The orc wizard is almost dead. (Press . to maintain the ray.)
An orc comes into view. It is wielding a +0 dagger.
Without enough magic to sustain it, your searing ray dissipates.
The orc wizard attacks as you move away!
The orc wizard hits you but does no damage.
The orc shouts!
The orc wizard casts a spell at you. You resist with some effort.
The orc hits you with a +0 flail of draining.
You feel drained.
You closely miss the orc.
The orc hits you with a +0 flail of draining.
You feel drained.
You barely miss the orc.
The orc hits you with a +0 flail of draining.
You feel drained.
* * * LOW HITPOINT WARNING * * *
The orc wizard attacks as you move away!
The orc wizard closely misses you.
The orc wizard attacks as you move away!
The orc wizard barely misses you.
The orc wizard attacks as you move away!
The orc wizard hits you with a +0 dagger.
* * * LOW HITPOINT WARNING * * *
The orc wizard points at you and mumbles some strange words.
The magic dart hits you!
You die...

.#####.......#
....................+$_
##########.###......+$
.... ..# #....#
.....### #...
......o######.. ####
........oo.##.# #..##
###
.....#.###o##.######..#
###.# ..o #.
#..@.........###.... .
#. #..#.######....#.#.#
#. #..#.# #.##....>. #.
#..#.# #.####.#.# #.
#..#.# ### #.#.# ..
#.)... #.#.# #..#.#
#.#.# .....# ..#.# #.#


You could see 2 orc wizards and an orc.

Vanquished Creatures
  3 adders
  2 worms
  3 orcs (D:3)
  An endoplasm (D:1)
  5 goblins
  8 hobgoblins
  4 jackals (D:4)
  A quokka (D:3)
  6 ball pythons
  4 bats
  3 kobolds
  7 rats
47 creatures vanquished.

Notes
Turn   | Place    | Note
-------+----------+-------------------------------------------
     0 | D:1      | Tocho the Human Conjurer began the quest for the Orb.
     0 | D:1      | Reached XP level 1. HP: 13/13 MP: 3/3
   184 | D:1      | Found a faded altar of an unknown god.
   383 | D:1      | Reached XP level 2. HP: 19/19 MP: 0/5
   655 | D:1      | Got Etowe's Parchment of the Stony Switch
  1153 | D:2      | Reached XP level 3. HP: 24/24 MP: 0/6
  1156 | D:2      | Learned a level 2 spell: Searing Ray
  1160 | D:2      | Learned a level 3 spell: Dazzling Flash
  1762 | D:3      | Reached skill level 5 in Conjurations
  1762 | D:3      | Reached XP level 4. HP: 30/30 MP: 0/7
  1994 | D:3      | Found an opulent altar of Gozag.
  2040 | D:3      | Found a basalt altar of Yredelemnul.
  2845 | D:4      | Found a runed translucent gate.
  2846 | D:4      | Found a runed translucent gate.
  2846 | D:4      | Found an opulent altar of Gozag.
  2869 | D:4      | Killed from afar by an orc wizard

Illustrated notes

Levels and vault maps discovered:
D:1:      enne_arrival_octagon_isle, layout_basic,
          shapermc_ecumenical_altar_mp_urbaneastern, wad_floor_pattern_2,
          nrook_mini_vaults
D:2:      layout_basic, minmay_misc_feat_x, nicolae_underground_beach
D:3:      layout_rooms, grunt_gozag_statues, yredelemnul_altar_generic
D:4:      layout_basic, ebering_ghost_gozag

Skill      XL: |  1  2  3 |
---------------+----------+-----
Conjurations   | 5 |  5.2
Dodging        | |  2.0
Stealth        | |  2.3
Spellcasting   | |  2.6

Action                   |  1- 3 |  4- 6 || total
-------------------------+-------+-------++-------
Melee: Battleaxe         |       |    13 ||    13
Throw: Dart              |     3 |       ||     3
 Cast: Magic Dart        |    45 |    16 ||    61
       Searing Ray       |     2 |    10 ||    12
  Use: Scroll            |     5 |       ||     5
Armor: Robe              |     3 |    11 ||    14
Dodge: Dodged            |     7 |    21 ||    28

Table legend: (Time is in decaauts)
 A = Elapsed time spent in this place.
 B = Non-inter-level travel time spent in this place.
 C = Inter-level travel time spent in this place.
 D = Time resting spent in this place.
 E = Time spent auto-exploring this place.
 F = Levels seen in this place.
 G = Mean time per level.
                   A        B        C        D        E       F      G
               +--------+--------+--------+--------+--------+-----+--------+
         Total |   2878 |   2777 |    101 |      0 |   2475 |   4 |  719.5 |
       Dungeon |   2878 |   2777 |    101 |      0 |   2475 |   4 |  719.5 |
               +--------+--------+--------+--------+--------+-----+--------+

Top non-repeatable levels by time:
     D:1: 996 daAuts
     D:2: 756 daAuts
     D:3: 667 daAuts
     D:4: 458 daAuts
